 Dungeon Crawl Stone Soup version 0.32-a0-42-ga30500b4d3 (webtiles) character file.

Game seed: 5791260376565776447

177 Ceno the Sneak (level 5, 0/28 HPs)
             Began as a Vampire Enchanter on Feb 2, 2024.
             Slain by a gnoll
             ... wielding a +0 whip
              (7 damage)
             ... on level 3 of the Dungeon.
             The game lasted 00:12:28 (3271 turns).

Ceno the Sneak (Vampire Enchanter)                  Turns: 3271, Time: 00:12:29

Health: 0/28       AC:  2    Str:  7    XL:     5   Next: 31%
Magic:  2/9        EV: 12    Int: 19    God:
Gold:   206        SH:  0    Dex: 15    Spells: 1/9 levels left

rFire   . . .        k - +1 dagger (venom)
rCold   + + .        (no shield)
rNeg    + + +        b - +0 robe
rPois   ∞            (no helmet)
rElec   .            (no cloak)
rCorr   +            (no gloves)
SInv    +            (no boots)
Will    .....        d - amulet of regeneration
Stlth   +++++        u - ring of resist corrosion
HPRegen 0.00/turn    (no ring)
MPRegen 0.11/turn

%: no passive effects
@: bloodless, inhibited regen
A: bloodless, fangs 3, see invisible, vampiric 2
a: Bat Form, Revivify


You were on level 3 of the Dungeon.
You visited 1 branch of the dungeon, and saw 3 of its levels.

You collected 206 gold pieces.

Inventory:

Hand Weapons
 k - a +1 dagger of venom (weapon)
 p - a +0 long sword
 v - the +7 falchion "Suduri" {vamp, rPois Int+2}
   (You found it on level 3 of the Dungeon)

   Int+2:     It affects your intelligence (+2).
   rPois:     It protects you from poison
Missiles
 e - 2 curare-tipped darts
 f - 6 datura-tipped darts
 h - 29 stones (quivered)
Armour
 b - a +0 robe (worn)
 n - a +0 ring mail
Jewellery
 d - an amulet of regeneration (around neck)
 u - a ring of resist corrosion (left hand)
Scrolls
 g - 2 scrolls of teleportation
 i - a scroll of revelation {unknown}
 m - a scroll of identify {unknown}
 o - a scroll of enchant armour {unknown}
 q - a scroll of noise {unknown}
 r - a scroll of vulnerability {unknown}
 w - a scroll of fear {unknown}
Potions
 a - a potion of enlightenment {unknown}
 c - 2 potions of invisibility
 j - a potion of degeneration {unknown}
 l - 2 potions of haste {unknown}
 s - 2 potions of lignification {unknown}
 t - a potion of berserk rage {unknown}
 x - a potion of attraction {unknown}


   Skills:
 + Level 2.9 Short Blades
 - Level 2.1 Dodging
 + Level 6.1 Stealth
 + Level 2.8 Spellcasting
 + Level 6.0 Hexes


You had one spell level left.
You knew the following spells:

 Your Spells              Type           Power      Damage    Failure   Level
a - Ensorcelled Hibernat  Hex/Ice        28%        N/A       7%          2
b - Confusing Touch       Hex            25%        N/A       4%          3
c - Tukima's Dance        Hex            25%        N/A       4%          3

Your spell library contained the following spells:

 Spells                   Type           Power      Damage    Failure   Level
 Dazzling Flash           Conj/Hex       28%        N/A       14%         3
 Lesser Beckoning         Tloc           4%         N/A       24%         2
 Gell's Gravitas          Tloc           2%         N/A       43%         3
 Teleport Other           Tloc           2%         N/A       43%         3


Dungeon Overview and Level Annotations

Branches:
Dungeon (3/15)

Altars:
Ashenzari


Innate Abilities, Weirdness & Mutations

You do not regenerate when monsters are visible.
You are frail without blood (-20% HP).
You can heal yourself when you bite living creatures.
You are immune to poison.
You have razor-sharp teeth.
You have supernaturally acute eyesight. (SInv)
You are afflicted with vampirism and can become a bat while bloodless.


Message History

Press: ? - help, Shift-Dir - straight line, f/p - gnoll
Aim: a gnoll, wielding a +0 flail (chance to affect: 55%)
The gnoll looks drowsy...
The helpless gnoll fails to defend itself.
You bite the gnoll, and draw its blood! You impale the gnoll!!
You kill the gnoll!
Casting: Ensorcelled Hibernation (safe; 7% risk of failure)
Confirm with . or Enter, or press ? or * to list all spells.
Aiming: Ensorcelled Hibernation (safe; 7% risk of failure)
Press: ? - help, Shift-Dir - straight line, f - gnoll
Aim: a gnoll, wielding a +0 whip (chance to affect: 56%)
The gnoll looks drowsy...
The helpless gnoll fails to defend itself.
You bite the gnoll, and draw its blood!
You stick the gnoll like a pincushion!!!
You kill the gnoll!
The gnoll hits you from afar with a +0 spear!
Your Hexes skill increases to level 6!
Casting: Ensorcelled Hibernation (safe; 7% risk of failure)
Confirm with . or Enter, or press ? or * to list all spells.
Aiming: Ensorcelled Hibernation (safe; 7% risk of failure)
Press: ? - help, Shift-Dir - straight line, f - gnoll
Aim: a gnoll, wielding a +0 whip (chance to affect: 56%)
The gnoll resists with significant effort.
The gnoll completely misses you.
The gnoll hits you from afar with a +0 spear.
Casting: Ensorcelled Hibernation (safe; 7% risk of failure)
Confirm with . or Enter, or press ? or * to list all spells.
You don't have enough magic to cast this spell.
You hit the gnoll.
The gnoll is moderately wounded.
The gnoll hits you from afar with a +0 spear!
* * * LOW HITPOINT WARNING * * *
The gnoll closely misses you. The gnoll attacks as it pursues you!
The gnoll hits you but does no damage. The gnoll attacks as it pursues you!
The gnoll closely misses you.
You fail to use your ability.
The gnoll completely misses you. The gnoll misses you.
You fail to use your ability.
The gnoll hits you with a +0 whip!
You die...

.#### #.........#.....#
....# #..............##
.##.# #.....>...##..##
.##.# #.##............#
.##.# .........#####.#
.##.# ####....## #+##
###.# #......# #...# # #.#
#.#.##.# #..... ###.#
#....#@# #......
.##.#######.....g##.......
.................g).......
....#######......##.......
##..# #......# #......
##).# ###..### #.....
....# ##.# #...# .#)## #.#
#+## ...# #.


You could see 2 gnolls.

Vanquished Creatures
  An orc wizard (D:3)
  Natasha (twice) (D:3)
  An adder (D:2)
  2 gnolls (D:3)
  A dart slug (D:2)
  3 ribbon worms (D:2)
  6 orcs
  3 bats
  6 endoplasms
  A giant cockroach (D:1)
  8 goblins
  4 hobgoblins
  7 jackals
  2 quokkas
  4 ball pythons
  3 frilled lizards
  2 kobolds (D:1)
  A rat (D:2)
57 creatures vanquished.

Notes
Turn   | Place    | Note
-------+----------+-------------------------------------------
     0 | D:1      | Ceno the Vampire Enchanter began the quest for the Orb.
     0 | D:1      | Reached XP level 1. HP: 13/13 MP: 3/3
   355 | D:1      | Reached XP level 2. HP: 19/19 MP: 5/5
   363 | D:1      | Learned a level 2 spell: Ensorcelled Hibernation
   942 | D:1      | Reached skill level 5 in Hexes
  1210 | D:2      | Reached skill level 5 in Stealth
  1210 | D:2      | Gained mutation: You are afflicted with vampirism and can
                  | become a bat while bloodless. [Vampire growth]
  1210 | D:2      | Reached XP level 3. HP: 11/24 MP: 1/6
  1763 | D:2      | Learned a level 3 spell: Confusing Touch
  2094 | D:2      | Reached XP level 4. HP: 14/24 MP: 1/7
  2377 | D:3      | Identified the +7 falchion "Suduri" {vamp, rPois Int+2}
  3048 | D:3      | Noticed Natasha
  3056 | D:3      | Killed Natasha
  3113 | D:3      | Noticed Natasha
  3138 | D:3      | Killed Natasha
  3139 | D:3      | Reached XP level 5. HP: 28/28 MP: 6/9
  3143 | D:3      | Learned a level 3 spell: Tukima's Dance
  3211 | D:3      | Identified the maw talisman "Uwil" {rElec}
  3214 | D:3      | Found a broken altar of Ashenzari.
  3271 | D:3      | Slain by a gnoll

Illustrated notes

Levels and vault maps discovered:
D:1:      denvon_arrival_planthouse, layout_basic, nrook_campfire,
          serial_park_tiny_2, dk_noncrumbling_2, kennysheep_flooded_box,
          minmay_heptomino_l4
D:2:      layout_basic, kennysheep_generic_room_3
D:3:      layout_loops_corners, ashenzari_conservatory_becter, uniq_natasha

Skill      XL: |  1  2  3  4  5 |
---------------+----------------+-----
Hexes          | 5 6 |  6.0
Stealth        | 5 6 |  6.1
Short Blades   | 2 |  2.9
Dodging        | |  2.1
Spellcasting   | |  2.8

Action                     |  1- 3 |  4- 6 || total
---------------------------+-------+-------++-------
  Melee: Dagger            |    76 |    19 ||    95
         Bite              |     4 |       ||     4
  Throw: Stone             |     2 |       ||     2
   Cast: Ensorcelled Hiber |    23 |    15 ||    38
Ability: Exsanguinate      |     1 |       ||     1
    Use: Scroll            |     1 |       ||     1
   Stab: Sleeping          |    21 |    14 ||    35
         Distracted        |     1 |       ||     1
 Armour: Robe              |    30 |    13 ||    43
  Dodge: Dodged            |    37 |    12 ||    49

Table legend: (Time is in decaauts)
 A = Elapsed time spent in this place.
 B = Non-inter-level travel time spent in this place.
 C = Inter-level travel time spent in this place.
 D = Time resting spent in this place.
 E = Time spent auto-exploring this place.
 F = Levels seen in this place.
 G = Mean time per level.
                   A        B        C        D        E       F      G
               +--------+--------+--------+--------+--------+-----+--------+
         Total |   3265 |   3181 |     84 |    474 |   1305 |   3 | 1088.3 |
       Dungeon |   3265 |   3181 |     84 |    474 |   1305 |   3 | 1088.3 |
               +--------+--------+--------+--------+--------+-----+--------+

Top non-repeatable levels by time:
     D:1: 1303 daAuts
     D:2: 1137 daAuts
     D:3: 824 daAuts
